 Dungeon Crawl Stone Soup version 0.23-a0-4-g8f018a2 (webtiles) character file.

94 prawnwizard the Ruffian (level 4, -3/34 HPs)
             Began as a Demonspawn Gladiator on July 31, 2018.
             Slain by a gnoll
             ... wielding a +0 spear
              (4 damage)
             ... on level 2 of the Dungeon.
             The game lasted 00:01:51 (1983 turns).

prawnwizard the Ruffian (Demonspawn Gladiator)      Turns: 1983, Time: 00:01:52

Health: -3/34      AC:  8    Str: 16    XL:     4   Next: 38%
Magic:  0/4        EV: 13    Int:  9    God:
Gold:   42         SH:  0    Dex: 14    Spells: 3/3 levels left

rFire    . . .     SeeInvis .     - Unarmed
rCold    . . .     Gourm    .   (no shield)
rNeg     . . .     Faith    .   g - +0 ring mail
rPois    .         Spirit   +   b - +0 helmet
rElec    .         Reflect  .   i - +1 cloak
rCorr    .         Harm     .   (no gloves)
MR       .....                  (no boots)
Stlth    ++........             (no amulet)
HPRegen  0.11/turn              j - +1 ring of evasion
MPRegen  0.09/turn              (no ring)

@: no status effects
A: nightstalker 1, magic shield
a: no special abilities


You were on level 2 of the Dungeon.
You were not hungry.

You visited 1 branch of the dungeon, and saw 2 of its levels.

You collected 42 gold pieces.

Inventory:

Missiles
 c - 3 throwing nets (quivered)
Armour
 b - a +0 helmet (worn)
 g - a +0 ring mail (worn)
 i - a +1 cloak (worn)
Jewellery
 j - a +1 ring of evasion (left hand)
Scrolls
 e - 3 scrolls of identify {unknown}
 k - a scroll of fog {unknown}
 l - 2 scrolls of remove curse {unknown}
Potions
 a - a potion of mutation {unknown}
 f - a potion of haste {unknown}
 h - a potion of flight {unknown}
 m - a potion of degeneration {unknown}
 n - 2 potions of lignification {unknown}
Comestibles
 d - 3 rations
 o - 4 chunks of flesh


   Skills:
 + Level 2.8 Fighting
 - Level 1.7 Throwing
 + Level 3.3 Dodging
 * Level 3.9 Unarmed Combat


You had 3 spell levels left.
You didn't know any spells.
Your spell library was empty.

Dungeon Overview and Level Annotations

Branches:
Dungeon (2/15)

Altars:
Ashenzari


Innate Abilities, Weirdness & Mutations

You are slightly more attuned to the shadows.
When hurt, damage is shared between your health and your magic reserves.


Message History

The gnoll barely misses you. The gnoll closely misses you.
Things that are here:
a flail; a gnoll corpse You hit the gnoll.
The gnoll is heavily wounded.
The gnoll hits you but does no damage. The gnoll misses you.
You hit the gnoll.
The gnoll is severely wounded.
The gnoll hits you but does no damage. The gnoll barely misses you.
You hit the gnoll.
The gnoll is severely wounded.
The gnoll hits you with a spear.
* * * LOW HITPOINT WARNING * * *
The gnoll hits you but does no damage. The gnoll misses you.
The gnoll hits you from afar with a spear.
* * * LOW HITPOINT WARNING * * *
There are monsters nearby!
The gnoll hits you from afar with a spear.
You die...

### ... .# #.#
#.# ####.# #.#
#..gg# #.# #g#
#.# #.#####.#
.
#.@.....######
...
####.##.......
...
#.##.######
#.##.# ##
#.##.## ..
#.#...# ##
..#...#
###...# ##.##
#.


You could see 3 gnolls.

Vanquished Creatures
  A gnoll (D:2)
  4 adders (D:2)
  3 worms (D:2)
  2 dart slugs (D:1)
  2 leopard geckos (D:1)
  3 giant cockroaches
  5 goblins
  5 hobgoblins
  2 bats
  2 frilled lizards
  2 kobolds
  5 rats
36 creatures vanquished.

Notes
Turn   | Place    | Note
-------+----------+-------------------------------------------
     0 | D:1      | prawnwizard the Demonspawn Gladiator began the quest for the Orb.
     0 | D:1      | Reached XP level 1. HP: 16/16 MP: 1/1
   252 | D:1      | Gained mutation: When hurt, damage is shared between your health and your magic reserves. [demonic ancestry]
   252 | D:1      | Reached XP level 2. HP: 20/22 MP: 2/2
   320 | D:1      | You fall through a shaft!
   320 | D:2      | Found a shattered altar of Ashenzari.
   861 | D:1      | Reached XP level 3. HP: 24/28 MP: 3/3
  1821 | D:2      | Gained mutation: You are slightly more attuned to the shadows. [demonic ancestry]
  1821 | D:2      | Reached XP level 4. HP: 34/34 MP: 4/4
  1981 | D:2      | HP: 1/34 [gnoll/spear (3)]
  1983 | D:2      | Slain by a gnoll

Vault maps used:
D:1:      lemuel_arrival_river_passageway
D:2:      kiku_gazebo_pond_becter, ashenzari_altar_1, uniq_natasha,
          uniq_crazy_yiuf_cottage

Skill      XL: |  1  2 |
---------------+-------+-----
Unarmed Combat | 3 |  3.9
Dodging        | 3 |  3.3
Fighting       | |  2.8
Throwing       | |  1.7

Action                   |  1- 3 |  4- 6 || total
-------------------------+-------+-------++-------
Melee: Unarmed           |   170 |    41 ||   211
       Punch             |     3 |     1 ||     4
 Stab: Sleeping          |     4 |     1 ||     5
  Eat: Chunk             |     3 |     1 ||     4
Armor: Leather armour    |    32 |       ||    32
       Ring mail         |    17 |    16 ||    33
Dodge: Dodged            |    96 |    36 ||   132

Table legend:
 A = Spawn XP
 B = Non-spawn XP
 C = Spawn XP percentage of total XP
 D = Spawn monster count
 E = Non-spawn monster count
 F = Spawn count percentage of total count
 G = Total turns spent on level
                    A         B        C        D         E        F      G
               +---------+---------+-------+---------+---------+-------+---------
         Total |       0 |     135 |   0.0 |       0 |      36 |   0.0 |  1983
               +---------+---------+-------+---------+---------+-------+---------
           D:1 |       0 |      33 |   0.0 |       0 |      15 |   0.0 |  1379
           D:2 |       0 |     102 |   0.0 |       0 |      21 |   0.0 |   604
               +---------+---------+-------+---------+---------+-------+---------
